 Dungeon Crawl Stone Soup version 0.29.1-12-g30fa7ad0bf (webtiles) character file.

Game seed: 734413307990887214

8124 croobank the Digger (level 11, -1/64 HPs)
             Began as a Gargoyle Earth Elementalist on Dec 26, 2022.
             Slain by a five-headed hydra (5 damage)
             ... on level 11 of the Dungeon.
             The game lasted 00:39:11 (10156 turns).

croobank the Digger (Gargoyle Earth Elementalist)  Turns: 10156, Time: 00:39:11

Health: -1/64      AC: 14    Str: 18    XL:     11   Next: 26%
Magic:  19/19      EV: 12    Int: 26    God:
Gold:   170        SH: 11    Dex: 10    Spells: 11/21 levels left

rFire   . . .      SeeInvis .   l - +7 sceptre of Torment {pain, torment}
rCold   . . .      Faith    .   D - +2 buckler {reflect}
rNeg    + . .      Spirit   .   c - +1 troll leather armour {Pargi}
rPois   ∞          Reflect  +   C - +0 hat
rElec   +          Harm     .   (no cloak)
rCorr   .          Rampage  .   (no gloves)
Will    .....                   k - +0 pair of boots
Stlth   +++.......              G - amulet of reflection
HPRegen 1.00/turn               n - +6 ring of strength
MPRegen 0.16/turn               d - +6 ring of intelligence

@: no status effects
A: sickness immunity, AC +8, negative energy resistance 1, electricity
resistance, torment resistance 1, petrification resistance
a: no special abilities


You were on level 11 of the Dungeon.
You visited 2 branches of the dungeon, and saw 12 of its levels.

You collected 628 gold pieces.
You spent 458 gold pieces at shops.

Inventory:

Hand Weapons
 l - the +7 sceptre of Torment (weapon) {pain, torment}
   (You acquired it on level 5 of the Dungeon)

   In the hands of one skilled in necromantic magic, it inflicts extra damage on
   living creatures.
   It occasionally torments all nearby living foes when it strikes in combat.
 p - a +2 flail of draining
 q - a +4 dagger of draining
 t - a +2 dagger of venom
 u - a +0 vorpal war axe
 M - a +10 morningstar
Missiles
 A - a boomerang (quivered)
Armour
 c - a +1 troll leather armour (worn) {Pargi}
 j - a +2 ring mail of cold resistance
 k - a +0 pair of boots (worn)
 y - a +0 helmet
 C - a +0 hat (worn)
 D - a +2 buckler of reflection (worn)
 N - +0 acid dragon scales
Magical Staves
 B - a staff of death
Jewellery
 d - a +6 ring of intelligence (right hand)
 n - a +6 ring of strength (left hand)
 F - a ring of ice
 G - an amulet of reflection (around neck)
 H - a ring of resist corrosion
 P - a ring of protection from cold
Wands
 f - a wand of mindburst (10)
 E - a wand of flame (17)
Scrolls
 h - 2 scrolls of poison
 i - 5 scrolls of amnesia
 o - a scroll of blinking
 w - 8 scrolls of teleportation
 x - a scroll of fog
 O - 2 scrolls of noise {unknown}
 Q - a scroll of fear {unknown}
 R - a scroll of identify
Potions
 a - 4 potions of haste
 b - a potion of magic
 e - a potion of heal wounds
 g - 4 potions of curing
 r - 2 potions of flight
 s - 3 potions of mutation
 v - 4 potions of lignification
 z - 2 potions of invisibility
 I - a potion of berserk rage
 J - a potion of brilliance
 K - a potion of resistance
 L - 3 potions of ambrosia {unknown}


   Skills:
 + Level 6.2 Fighting
 + Level 4.2 Maces & Flails
 + Level 5.0 Dodging
 + Level 7.1 Stealth
 + Level 3.9 Shields
 + Level 5.6 Spellcasting
 - Level 5.0 Conjurations
 * Level 5.1 Necromancy
 + Level 4.7 Transmutations
 + Level 7.8 Earth Magic


You had 11 spell levels left.
You knew the following spells:

 Your Spells              Type           Power      Damage    Failure   Level
a - Sandblast             Erth           96%        2d20      1%          1
b - Passwall              Tmut/Erth      32%        N/A       1%          2
c - Stone Arrow           Conj/Erth      80%        3d12      2%          3
d - Petrify               Tmut/Erth      39%        N/A       9%          4

Your spell library contained the following spells:

 Spells                   Type           Power      Damage    Failure   Level
 Poisonous Vapours        Pois/Air       14%        N/A       17%         2
 Corpse Rot               Necr/Pois/Air  16%        N/A       50%         4


Dungeon Overview and Level Annotations

Branches:
Dungeon (11/15)            Temple (1/1) D:7            Lair (0/5) D:10
    Orc: D:9-12

Altars:
Ashenzari
Cheibriados
Dithmenos
Elyvilon
Fedhas
Gozag
Hepliaklqana
Kikubaaqudgha
Makhleb
Nemelex Xobeh
Okawaru
Qazlal
Ru
Sif Muna
Trog
Uskayaw
Vehumet
Wu Jian
Xom
Yredelemnul
Zin
The Shining One

Shops:
D:2 =   D:6 [   D:7 ?

Annotations:
D:4 2 transporters


Innate Abilities, Weirdness & Mutations

You are immune to sickness and miasma.
Your stone body is resilient. (AC +8)
You are immune to poison.
You resist negative energy. (rN+)
You are resistant to electric shocks. (rElec)
You are resistant to unholy torment.
You are immune to petrification.


Message History

The five-headed hydra barely misses you.
You thump the five-headed hydra!
The five-headed hydra writhes in agony.
The five-headed hydra is moderately wounded.
The five-headed hydra misses you.
You block the five-headed hydra's attack.
The five-headed hydra bites you!
You block the five-headed hydra's attack. x2
You sock the five-headed hydra!
The five-headed hydra writhes in agony.
The five-headed hydra is heavily wounded.
The five-headed hydra misses you. The five-headed hydra bites you!
The five-headed hydra barely misses you.
You block the five-headed hydra's attack. x2
The five-headed hydra bites you!
The five-headed hydra barely misses you.
The five-headed hydra closely misses you.
The five-headed hydra bites you!
You block the five-headed hydra's attack.
You bludgeon the five-headed hydra!!
The five-headed hydra writhes in agony.
The five-headed hydra is severely wounded.
You block the five-headed hydra's attack.
The five-headed hydra bites you but does no damage.
The five-headed hydra bites you. x2; The five-headed hydra misses you.
You barely miss the five-headed hydra.
The five-headed hydra is severely wounded.
You block the five-headed hydra's attack.
The five-headed hydra bites you but does no damage.
The five-headed hydra bites you.
The five-headed hydra bites you but does no damage.
The five-headed hydra bites you.
* * * LOW HITPOINT WARNING * * *
You puncture the five-headed hydra!
The five-headed hydra is almost dead.
You block the five-headed hydra's attack.
The five-headed hydra bites you!
* * * LOW HITPOINT WARNING * * *
You block the five-headed hydra's attack.
The five-headed hydra bites you.
* * * LOW HITPOINT WARNING * * *
The five-headed hydra bites you.
You die...

#.###### #......#
#.####.## #.D@....#
#.####..# # # #..#
....####..##########
#....<...........#
#############.####
#.......##.#
#.##.......#
#.##.##.##)#


You could see a five-headed hydra.

Vanquished Creatures
  Erica (D:8)
  Joseph (D:8)
  2 kobold demonologists (D:9)
  A troll (D:9)
  A wyvern (D:8)
  A wraith (D:9)
  4 yaks (D:9)
  A steam dragon (D:8)
  2 acid dragons
  2 water moccasins
  Pargi (D:3)
  A black bear (D:6)
  6 orc warriors
  2 sky beasts (D:6)
  An ice beast (D:5)
  3 wolves (D:10)
  5 centaurs
  A phantom (D:5)
  A kobold brigand (D:6)
  2 necrophages (D:5)
  9 bullfrogs
  3 scorpions
  7 wights
  16 killer bees
  4 howler monkeys
  3 electric eels (D:10)
  A jelly (D:5)
  11 orc priests
  5 hounds
  4 iguanas
  7 orc wizards
  5 gnolls
  7 adders
  2 white imps (D:7)
  An ufetubus (D:4)
  4 worms
  5 dart slugs
  26 orcs
  4 endoplasms
  5 giant cockroaches
  10 hobgoblins
  9 jackals
  5 quokkas
  11 ball pythons
  7 bats
  6 frilled lizards
  6 goblins
  9 kobolds
  5 rats
236 creatures vanquished.

Vanquished Creatures (others)
  A human (D:5)
  An orc (D:10)
2 creatures vanquished.

Grand Total: 238 creatures vanquished

Notes
Turn   | Place    | Note
-------+----------+-------------------------------------------
     0 | D:1      | croobank the Gargoyle Earth Elementalist began the quest
                  | for the Orb.
     0 | D:1      | Reached XP level 1. HP: 10/10 MP: 3/3
   115 | D:1      | Reached skill level 1 in Transmutations
   115 | D:1      | Reached XP level 2. HP: 15/15 MP: 1/5
   510 | D:1      | Learned a level 2 spell: Passwall
   604 | D:1      | Reached skill level 1 in Fighting
   740 | D:1      | Reached XP level 3. HP: 20/20 MP: 4/6
   744 | D:1      | Learned a level 3 spell: Stone Arrow
  1551 | D:2      | Found Hone's Jewellery Emporium.
  1973 | D:2      | Reached XP level 4. HP: 8/26 MP: 4/7
  2600 | D:3      | Found a faded altar of an unknown god.
  2752 | D:3      | Noticed Pargi
  2979 | D:3      | Reached XP level 5. HP: 6/30 MP: 1/8
  3472 | D:3      | Killed Pargi
  3473 | D:3      | Reached skill level 1 in Conjurations
  3473 | D:3      | Reached XP level 6. HP: 29/36 MP: 4/10
  3587 | D:3      | Found a shadowy altar of Dithmenos.
  4127 | D:4      | Found a burning altar of Makhleb.
  4127 | D:4      | Noticed a green death
  4189 | D:4      | Found a transporter.
  4205 | D:4      | Found a transporter.
  4236 | D:4      | Found a hide-covered altar of Uskayaw.
  4444 | D:4      | Found a stormy altar of Qazlal.
  4450 | D:4      | Learned a level 4 spell: Petrify
  4731 | D:5      | Entered Level 5 of the Dungeon
  4838 | D:5      | Noticed an ice beast
  4865 | D:5      | Killed an ice beast
  4866 | D:5      | Reached XP level 7. HP: 41/41 MP: 7/11
  4875 | D:5      | Reached skill level 5 in Earth Magic
  4949 | D:5      | Reached XP level 8. HP: 45/48 MP: 4/13
  5478 | D:5      | Identified a scroll of acquirement
  5478 | D:5      | Acquired the +7 sceptre of Torment {pain, torment}
  5478 | D:5      | Found the +7 sceptre of Torment {pain, torment}
  5509 | D:5      | Found an ancient bone altar of Kikubaaqudgha.
  5773 | D:5      | Found a white marble altar of Elyvilon.
  5949 | D:6      | Reached skill level 1 in Maces & Flails
  5949 | D:6      | Reached skill level 1 in Necromancy
  6087 | D:6      | Reached skill level 5 in Stealth
  6108 | D:6      | Found Geseniaf's Armour Emporium.
  6115 | D:6      | Bought a +2 buckler of reflection for 185 gold pieces
  6175 | D:6      | Reached XP level 9. HP: 49/52 MP: 7/15
  6449 | D:6      | Found an iron altar of Okawaru.
  6449 | D:6      | Found a bloodstained altar of Trog.
  6786 | D:7      | Found a staircase to the Ecumenical Temple.
  6797 | Temple   | Entered the Ecumenical Temple
  7344 | D:7      | Found Weoca's Magic Scroll Emporium.
  7354 | D:7      | Bought a scroll of teleportation for 42 gold pieces
  7354 | D:7      | Bought a scroll of teleportation for 42 gold pieces
  7354 | D:7      | Bought a scroll of teleportation for 42 gold pieces
  7354 | D:7      | Bought a scroll of enchant weapon for 105 gold pieces
  7354 | D:7      | Bought a scroll of teleportation for 42 gold pieces
  8001 | D:8      | Reached skill level 1 in Shields
  8074 | D:8      | Reached skill level 5 in Fighting
  8136 | D:8      | Noticed Erica
  8142 | D:8      | Noticed Joseph
  8145 | D:8      | Killed Erica
  8146 | D:8      | Reached XP level 10. HP: 47/59 MP: 15/17
  8151 | D:8      | Killed Joseph
  8168 | D:8      | Reached skill level 5 in Conjurations
  8332 | D:8      | Found a broken altar of Ashenzari.
  8483 | D:9      | Reached skill level 5 in Spellcasting
  8505 | D:9      | HP: 2/59 [wraith (10)]
  8648 | D:9      | Noticed a kobold demonologist
  8654 | D:9      | Killed a kobold demonologist
  8734 | D:10     | Entered Level 10 of the Dungeon
  8877 | D:9      | Found a sacrificial altar of Ru.
  9335 | D:9      | Reached XP level 11. HP: 64/64 MP: 19/19
  9570 | D:9      | Reached skill level 5 in Necromancy
  9658 | D:10     | Found a staircase to the Lair.
  9663 | D:10     | Reached skill level 5 in Dodging
  9786 | D:10     | Found a radiant altar of Vehumet.
  9860 | D:10     | Found a snail-covered altar of Cheibriados.
 10137 | D:11     | Noticed a five-headed hydra
 10156 | D:11     | Slain by a five-headed hydra

Illustrated notes

Levels and vault maps discovered:
D:1:      dpeg_arrival_orchard, layout_basic
D:2:      minmay_evil_eye, layout_basic, serial_shops, nicolae_shop_trees
D:3:      layout_rooms, lemuel_doored_altar, hellmonk_ecumenical_altar_run_dry,
          kennysheep_generic_room_13, uniq_pargi
D:4:      gammafunk_steamed_eel, layout_basic, makhleb_altar_promises_db,
          nicolae_overflow_crystal_walls, nicolae_uskayaw_suspiria
D:5:      minmay_chambers_of_threes, layout_loops_ring, tgw_kikubaaqudgha,
          mainiacjoe_overflow_alcove_1
D:6:      black_bear_nest_1, layout_basic, grunt_temple_overflow_bloody_war,
          serial_shops, nicolae_shop_crystal
D:7:      layout_layer_cave, minmay_temple_entry_antechambers, serial_shops,
          nicolae_lakefront_shop
D:8:      layout_rooms, kennysheep_mini, uniq_joseph, uniq_erica
D:9:      layout_cave_pools, nicolae_ru_awakened_eye
D:10:     layout_cave_pools, old_standard_altar, nicolae_vehumet_radiance,
          erik_lair_island
D:11:     layout_basic, erik_orc_3, palyth_stone_intersect
Temple:   hellmonk_temple_rainy

Skill      XL: |  1  2  3  4  5  6  7  8  9 10 11 |
---------------+----------------------------------+-----
Transmutations | 1 2 3 4 |  4.7
Fighting       | 1 2 3 4 5 6 |  6.2
Earth Magic    | 4 5 6 7 |  7.8
Dodging        | 2 3 4 5 |  5.0
Stealth        | 3 4 5 6 7 |  7.1
Conjurations   | 1 2 3 4 5 |  5.0
Spellcasting   | 3 4 5 |  5.6
Maces & Flails | 1 3 4 |  4.2
Necromancy     | 1 3 4 5 |  5.1
Shields        | 2 3 |  3.9

Action                   |  1- 3 |  4- 6 |  7- 9 | 10-12 || total
-------------------------+-------+-------+-------+-------++-------
Melee: Short sword       |    18 |       |       |       ||    18
       Dagger            |    22 |    88 |    98 |       ||   208
       Punch             |     1 |     2 |     2 |       ||     5
       Eveningstar       |       |       |   145 |   191 ||   336
Throw: Throwing net      |       |       |       |     1 ||     1
 Cast: Sandblast         |    55 |    61 |    30 |       ||   146
       Passwall          |     1 |       |       |       ||     1
       Stone Arrow       |       |       |     3 |       ||     3
Evoke: Wand              |       |       |       |     7 ||     7
  Use: Scroll            |       |    12 |    12 |     5 ||    29
       Potion            |       |     1 |     5 |     1 ||     7
 Stab: Sleeping          |     1 |     2 |     8 |       ||    11
       Distracted        |       |       |     1 |       ||     1
Armor: Robe              |     7 |       |       |       ||     7
       Ring mail         |    35 |    41 |       |       ||    76
       Troll leather arm |       |    30 |   128 |   117 ||   275
       Skin              |       |     1 |       |       ||     1
Dodge: Dodged            |    44 |    80 |   196 |   200 ||   520
Block: Buckler           |       |       |    79 |   228 ||   307
       Reflection        |       |       |     3 |     1 ||     4
